 Dungeon Crawl Stone Soup version 0.16-a0-2622-gbfab2ba (console) character file.

334 nht the Basher (level 6, -2/62 HPs)
             Began as an Ogre Berserker on Nov 22, 2014.
             Was an Elder of Trog.
             Slain by Prince Ribbit (8 damage)
             ... on level 4 of the Dungeon.
             The game lasted 00:04:17 (3849 turns).

nht the Basher (Ogre Berserker)                     Turns: 3849, Time: 00:04:17

Health: -2/62      AC:  6    Str: 25    XL:     6   Next: 53%
Magic:  6/6        EV: 15    Int:  6    God:    Trog [****..]
Gold:   167        SH:  0    Dex: 14    Spells: 0 memorised, 5 levels left

rFire  . . .     SeeInvis .     a - +0 mace
rCold  . . .     Clarity  .     b - +0 animal skin
rNeg   . . .     SustAb   .     (shield restricted)
rPois  +         Gourm    .     (helmet restricted)
rElec  .         Spirit   .     m - +2 cloak
rCorr  .         Warding  .     (gloves unavailable)
rMut   .         Stasis   .     (boots unavailable)
MR     ++...                    (no amulet)
Stlth  ++........               w - +2 ring of slaying
                                e - ring of poison resistance

@: agile, exhausted, very slightly contaminated, regenerating, hasted and
slowed, very resistant to hostile enchantments, unstealthy
A: unfitting armour, tough skin 1
a: Burn Spellbooks, Berserk, Trog's Hand, Brothers in Arms, Renounce Religion


You were on level 4 of the Dungeon.
You worshipped Trog.
Trog was greatly pleased with you.
You were hungry.

You visited 1 branch of the dungeon, and saw 4 of its levels.

You collected 167 gold pieces.

Inventory:

Hand weapons
 a - a +0 mace (weapon)
Missiles
 g - 5 tomahawks (quivered)
Armour
 b - a +0 animal skin (worn)
 m - a +2 cloak (worn)
Jewellery
 e - a ring of poison resistance (left hand)
 o - an uncursed ring of protection from cold
 w - a +2 ring of slaying (right hand)
Scrolls
 i - 3 scrolls of identify
 j - a scroll of amnesia {unknown}
 n - a scroll of recharging
 t - a scroll of remove curse
Potions
 f - 2 potions of curing
Comestibles
 c - 3 bread rations
 r - a beef jerky
 s - a meat ration


   Skills:
 - Level 4.0 Fighting
 + Level 8.6 Maces & Flails
 + Level 2.6 Throwing
 - Level 1.5 Armour
 - Level 1.7 Dodging


You had 5 spell levels left.
You didn't know any spells.

Dungeon Overview and Level Annotations

Branches:
Dungeon (4/15)
 Temple: D:4-7

Altars:
Trog

Annotations:
D:4 Prince Ribbit


Innate Abilities, Weirdness & Mutations

You are too large for most types of armour.
You have tough skin (AC +1).


Message History

Prince Ribbit croaks regally.
Prince Ribbit hits you. Prince Ribbit hits you!
Drink which item? (? for menu, Esc to quit)
You feel slightly nauseous.
It was a potion of poison.
Prince Ribbit hits you!
You aren't carrying any items that can be evoked.
Drink which item? (? for menu, Esc to quit)
Okay, then.
Use which ability? (? or * to list)
Your skin crawls.
You feel resistant to hostile enchantments.
You feel slightly more hungry.
Prince Ribbit hits you but does no damage.
Prince Ribbit hits you!!
* * * LOW HITPOINT WARNING * * *
Items here: )) †† a club; a flail; a goblin corpse; an orc corpse Prince Ribbit momentarily phases out as your attack passes through him.
Prince Ribbit barely misses you. Prince Ribbit misses you.
You miss Prince Ribbit. Prince Ribbit hits you!
You die... . +..........█ █████...███ █.█..█ █.██.██ . ████

█.██..█ ..█████..
█.███.█
.........█.██.██.██
[.........██.....██
..........███...██
..........██[....██
█........█@██.██.██
██........F███.███.█
.............██.█
█.███ .███+███....██.█
█...█
██≈≈.≈b██......█████.█
█≈..P..≈██....'......█
.P...P.≈█....████████
..8.b.≈█....█
.).♣P.+....█
8...≈█....█ P.≈█....█


You could see Prince Ribbit.

Vanquished Creatures
  A water moccasin skeleton (D:4)
  2 orc priests (D:3)
  An iguana (D:4)
  An orc wizard (D:3)
  Natasha (D:3)
  A worker ant (D:4)
  Terence (D:3)
  A gnoll (D:1)
  3 adders
  A shadow imp (D:3)
  A giant mite (D:2)
  2 giant geckos
  6 orcs
  A bat skeleton (D:4)
  5 giant cockroaches
  7 goblins
  10 hobgoblins
  8 jackals
  A ball python (D:1)
  6 bats
  A giant gecko skeleton (D:4)
  4 giant newts
  7 kobolds
  14 rats
86 creatures vanquished.

Vanquished Creatures (others)
  A giant newt (D:3)
1 creature vanquished.

Grand Total: 87 creatures vanquished

Notes
Turn   | Place    | Note
--------------------------------------------------------------
     0 | D:1      | nht, the Ogre Berserker, began the quest for the Orb.
     0 | D:1      | Reached XP level 1. HP: 24/24 MP: 1/1
   422 | D:1      | Reached XP level 2. HP: 25/32 MP: 2/2
   496 | D:1      | Reached skill level 5 in Maces & Flails
   744 | D:1      | Acquired Trog's second power
   788 | D:1      | Reached XP level 3. HP: 17/39 MP: 3/3
  1376 | D:2      | Reached skill level 6 in Maces & Flails
  1582 | D:2      | Reached XP level 4. HP: 48/48 MP: 4/4
  2602 | D:3      | Reached skill level 7 in Maces & Flails
  2607 | D:3      | Reached XP level 5. HP: 47/54 MP: 5/5
  2806 | D:3      | Reached skill level 8 in Maces & Flails
  2818 | D:3      | Found a bloodstained altar of Trog.
  2969 | D:3      | Noticed Natasha
  2981 | D:3      | Killed Natasha
  3007 | D:3      | Reached skill level 1 in Throwing
  3028 | D:3      | Acquired Trog's third power
  3363 | D:3      | Noticed Terence
  3375 | D:3      | Killed Terence
  3375 | D:3      | Reached XP level 6. HP: 62/62 MP: 6/6
  3822 | D:4      | Noticed Prince Ribbit
  3846 | D:4      | HP: 2/62 [Prince Ribbit (19)]
  3849 | D:4      | Slain by Prince Ribbit

Action                   |  1- 3 |  4- 6 || total
-------------------------+-------+-------++-------
Melee: Mace              |   116 |   159 ||   275
Invok: Berserk           |     6 |     9 ||    15
       Trog's Hand       |       |     1 ||     1
  Use: Scroll            |       |     7 ||     7
       Potion            |       |     5 ||     5
  Eat: Chunk             |     5 |    11 ||    16
       Meat ration       |     1 |       ||     1
       Fruit             |       |     2 ||     2
       Beef jerky        |       |     1 ||     1
